 Dungeon Crawl Stone Soup version 0.29.0-11-gd7f09526c8 (webtiles) character file.

Game seed: 12486637926435242624

60 night the Stinger (level 3, -2/24 HPs)
             Began as a Demonspawn Venom Mage on Sept 4, 2022.
             Slain by a gnoll
             ... wielding a +0 club
              (8 damage)
             ... on level 2 of the Dungeon.
             The game lasted 00:02:53 (1659 turns).

night the Stinger (Demonspawn Venom Mage)           Turns: 1659, Time: 00:02:53

Health: -2/24      AC:  2    Str:  8    XL:     3   Next: 82%
Magic:  0/7        EV: 12    Int: 18    God:
Gold:   54         SH:  0    Dex: 13    Spells: 5/8 levels left

rFire   . . .      SeeInvis .   c - +6 dagger
rCold   . . .      Faith    .   (no shield)
rNeg    . . .      Spirit   .   a - +0 robe
rPois   .          Reflect  .   (no helmet)
rElec   .          Harm     .   (no cloak)
rCorr   .          Rampage  .   (no gloves)
Will    .....                   (no boots)
Stlth   ++........              (no amulet)
HPRegen 0.08/turn               (no ring)
MPRegen 0.10/turn               (no ring)

@: no status effects
A: powered by pain 1
a: no special abilities


You were on level 2 of the Dungeon.
You visited 1 branch of the dungeon, and saw 2 of its levels.

You collected 54 gold pieces.

Inventory:

Hand Weapons
 c - a +6 dagger (weapon)
Missiles
 f - 16 stones
Armour
 a - a +0 robe (worn)
Scrolls
 d - 2 scrolls of fog {unknown}
 e - a scroll of poison {unknown}
 g - 2 scrolls of identify {unknown}
Potions
 b - a potion of magic
 h - a potion of flight {unknown}


   Skills:
 - Level 1.7 Dodging
 - Level 1.7 Stealth
 + Level 3.1 Spellcasting
 - Level 0.8 Transmutations
 + Level 4.0 Poison Magic


You had 5 spell levels left.
You knew the following spells:

 Your Spells              Type           Power      Damage    Failure   Level
a - Sting                 Tmut/Pois      44%        1d5       6%          1
b - Poisonous Vapours     Pois/Air       20%        N/A       11%         2

Your spell library contained the following spells:

 Spells                   Type           Power      Damage    Failure   Level
 Mephitic Cloud           Conj/Pois/Air  7%         N/A       28%         3
 Olgreb's Toxic Radiance  Pois           17%        N/A       30%         4
 Dazzling Flash           Conj/Hex       4%         N/A       43%         3
 Agony                    Necr           2%         N/A       99%         5
 Silence                  Hex/Air        1%         N/A       99%         5


Dungeon Overview and Level Annotations

Branches:
Dungeon (2/15)

Altars:


Innate Abilities, Weirdness & Mutations

You sometimes gain a little power by taking damage.


Message History

Aiming: Sting (safe; 6% risk of failure)
Press: ? - help, Shift-Dir - straight line, f - gnoll
Aim: a gnoll, wielding a +0 club (75% to hit)
The sting hits the gnoll.
The gnoll is poisoned.
The gnoll is moderately wounded.
Casting: Sting (safe; 6% risk of failure)
Confirm with . or Enter, or press ? or * to list all spells.
Aiming: Poisonous Vapours (safe; 11% risk of failure)
Press: ? - help, Dir - move target, f - gnoll, p - gnoll
Aim: a gnoll, wielding a +0 club Poisonous vapours surround the gnoll!
The gnoll is poisoned.
The gnoll closely misses you.
Casting: Poisonous Vapours (safe; 11% risk of failure)
Confirm with . or Enter, or press ? or * to list all spells.
Aiming: Sting (safe; 6% risk of failure)
Press: ? - help, Shift-Dir - straight line, f - gnoll
Aim: a gnoll, wielding a +0 club (severely wounded, poisoned, 75% to hit)
The sting hits the gnoll but does no damage.
The gnoll looks even sicker.
The gnoll is severely wounded.
The gnoll attacks as you move away! The gnoll hits you with a +0 club.
The gnoll attacks as you move away! The gnoll hits you with a +0 club!
* * * LOW HITPOINT WARNING * * *
Casting: Sting (safe; 6% risk of failure)
Confirm with . or Enter, or press ? or * to list all spells.
Aiming: Sting (safe; 6% risk of failure)
Press: ? - help, Shift-Dir - straight line, f/p - gnoll
Aim: a gnoll, wielding a +0 club (almost dead, very poisoned, 75% to hit)
The sting hits the gnoll.
The gnoll looks even sicker.
You kill the gnoll!
Your Poison Magic skill increases to level 4!
Casting: Sting (safe; 6% risk of failure)
Confirm with . or Enter, or press ? or * to list all spells.
Aiming: Sting (safe; 6% risk of failure)
Press: ? - help, Shift-Dir - straight line, f - gnoll
Aim: a gnoll, wielding a +0 club (lightly wounded, poisoned, 75% to hit)
The sting hits the gnoll.
The gnoll looks even sicker.
The gnoll is moderately wounded.
The gnoll hits you with a +0 club!
You die...

#....#...#########
#.>..
#....##..........#
#.... #....
#.#.#++#.#.# #....
#.... #...# #...#
#..). #....##.###
###.###.... ...#.+
#.'..##.... #...+
#.'..g.g... #..###
###.#.##### ##@$.#
#...).#
#g#.#++#.#.###
#..........#
#####..##### ##.#
#... ###.# ... ###


You could see a gnoll (very poisoned).

Vanquished Creatures
  2 gnolls (D:2)
  A dart slug (D:2)
  5 ball pythons
  7 bats
  2 endoplasms (D:1)
  A giant cockroach (D:1)
  2 goblins (D:1)
  7 hobgoblins (D:1)
  3 kobolds (D:1)
  2 quokkas (D:1)
  2 rats (D:1)
34 creatures vanquished.

Notes
Turn   | Place    | Note
-------+----------+-------------------------------------------
     0 | D:1      | night the Demonspawn Venom Mage began the quest for the
                  | Orb.
     0 | D:1      | Reached XP level 1. HP: 13/13 MP: 3/3
   308 | D:1      | Gained mutation: You sometimes gain a little power by
                  | taking damage. [demonic ancestry]
   308 | D:1      | Reached XP level 2. HP: 19/19 MP: 0/5
  1013 | D:1      | Reached XP level 3. HP: 24/24 MP: 2/7
  1626 | D:2      | Learned a level 2 spell: Poisonous Vapours
  1659 | D:2      | Reached skill level 4 in Poison Magic
  1659 | D:2      | Slain by a gnoll

Illustrated notes

Levels and vault maps discovered:
D:1:      dpeg_arrival_court, layout_loops_ring, minmay_tetromino_i4
D:2:      layout_basic, minmay_mini_jars

Skill      XL: |  1  2  3 |
---------------+----------+-----
Spellcasting   | 3 |  3.1
Poison Magic   | 4 |  4.0
Dodging        | |  1.7
Stealth        | |  1.7
Transmutations | |  0.8

Action                   || total
-------------------------++-------
Melee: Dagger            ||    10
 Cast: Sting             ||    55
       Poisonous Vapours ||     2
 Stab: Sleeping          ||     1
Armor: Robe              ||    11
Dodge: Dodged            ||    32
